 Dungeon Crawl Stone Soup version 0.24-a0-451-g263dff2034 (webtiles) character file.

Game seed: 13714790335647793614

0 Gargoyl the Skirmisher (level 1, -9/19 HPs)
             Began as a Centaur Abyssal Knight on June 26, 2019.
             Was a Follower of Lugonu.
             Mangled by a tentacled starspawn (16 damage)
             ... on level 2 of the Abyss.
             The game lasted 00:00:19 (61 turns).

Gargoyl the Skirmisher (Centaur Abyssal Knight)       Turns: 61, Time: 00:00:19

Health: -9/19      AC:  4    Str: 19    XL:     1   Next: 0%
Magic:  2/2        EV:  9    Int: 11    God:    Lugonu [*.....]
Gold:   0          SH:  0    Dex:  8    Spells: 0/0 levels left

rFire    . . .     SeeInvis .   a - +1 hand axe
rCold    . . .     Gourm    .   (no shield)
rNeg     . . .     Faith    .   b - +0 leather armour
rPois    .         Spirit   .   (no helmet)
rElec    .         Reflect  .   (no cloak)
rCorr    .         Harm     .   (no gloves)
MR       .....                  (no barding)
Stlth    ..........             (no amulet)
HPRegen  0.06/turn              (no ring)
MPRegen  0.08/turn              (no ring)

@: mighty, very slightly contaminated, invisible, very quick
A: large, hooves 3, deformed body, speed 2, tough skin 3
a: Depart the Abyss, Renounce Religion


You were on level 2 of the Abyss.
You worshipped Lugonu.
Lugonu was aware of your devotion.
You were not hungry.

You visited 0 branches of the dungeon, and saw 0 of its levels.
You visited the Abyss 1 time.

Inventory:

Hand Weapons
 a - a +1 hand axe (weapon)
Armour
 b - a +0 leather armour (worn)
Comestibles
 c - a ration


   Skills:
 + Level 3.0 Fighting
 + Level 1.7 Axes
 + Level 1.3 Armour
 + Level 0.6 Dodging
 + Level 2.0 Invocations


You couldn't memorise any spells.
You didn't know any spells.
Your spell library was empty.

Dungeon Overview and Level Annotations

Branches:
Dungeon (0/15)

Altars:


Innate Abilities, Weirdness & Mutations

You have hooves in place of feet.
Armour fits poorly on your strangely shaped body.
You cover ground very quickly.
You have extremely tough skin. (AC +3)


Message History

The starspawn tentacle grabs you. The starspawn tentacle constricts you.
A starspawn tentacle segment comes into view.
Unknown command.
You barely miss the tentacled starspawn.
The starspawn tentacle loses its grip on you.
The tentacled starspawn is moderately damaged.
You slash the starspawn tentacle! You hit the starspawn tentacle.
You destroy the starspawn tentacle!
The starspawn tentacle grabs you. The starspawn tentacle constricts you.
A tentacle flies out from the starspawn's body!
A starspawn tentacle comes into view.
You slash the tentacled starspawn!
The starspawn tentacle loses its grip on you.
You kick the tentacled starspawn!
The tentacled starspawn is heavily damaged.
You hit the starspawn tentacle but do no damage.
The starspawn tentacle closely misses you.
The tentacled starspawn bites you!
Ouch! That really hurt!
You die...

## ## ..#.###$.#.
...#.##.##.##..#.....#..
#..#...#.#..#....... ..
#....#.#.#...#....... .
#......#......... ....
..#......#.#...#.#####
!.....#..#....#
#.#wXw...#..#.##
#.###..@..#..... .
#......#..#.#####.#
##..#..#..#... ##
#.........###.#
#..#...#.## .
##.#.#..... .#
...#.##..#.. # ...##.
.#.. ## .... #. # #.#


You could see a tentacled starspawn and 2 starspawn tentacles.

Vanquished Creatures
  A starspawn tentacle (Abyss:2)
1 creature vanquished.

Vanquished Creatures (others)
  2 starspawn tentacles (Abyss:2)
2 creatures vanquished.

Grand Total: 3 creatures vanquished

Notes
Turn   | Place    | Note
-------+----------+-------------------------------------------
     0 | Abyss:1  | Gargoyl the Centaur Abyssal Knight began the quest for the
                  | Orb.
     0 | Abyss:1  | Reached XP level 1. HP: 19/19 MP: 2/2
    12 | Abyss:1  | Found a corrupted altar of Lugonu.
    19 | Abyss:1  | Found a corrupted altar of Lugonu.
    28 | Abyss:2  | Noticed a tentacled starspawn
    61 | Abyss:2  | Mangled by a tentacled starspawn

Levels and vault maps discovered:
Abyss:2:  evilmike_abyss_exit_1

Action                   || total
-------------------------++-------
Melee: Hand axe          ||     4
       Kick              ||     3
  Use: Potion            ||     2
Dodge: Dodged            ||     2

Table legend:
 A = Non-vault XP
 B = Vault XP
 C = Vault XP percentage of total XP
 D = Non-vault monster count
 E = Vault monster count
 F = Vault count percentage of total count
                 A         B        C        D         E       F
            +---------+---------+-------+---------+---------+-------
      Total |       0 |       0 |   N/A |       0 |       0 |  -nan
            +---------+---------+-------+---------+---------+-------
            +---------+---------+-------+---------+---------+-------
